BR (22 & UNDER)
SAN FRANCISCO MACHO MEN @ ROY EAGLE SQUADRON
09/01/2028
 
TOP OF THE 1ST
San Francisco Macho Men batting - Pitching for Roy Eagle Squadron : RHP Orlando Peńa
Pitching: RHP Orlando Peńa
Batting: RHB Júlio Serra 0-0: Ball
1-0: Ball
2-0: Called Strike
2-1: Fly out, F9 (Line Drive, 9LM)
Batting: LHB Phil Bishop 0-0: Fly out, F8 (Line Drive, 89M)
Batting: LHB Ernesto Hernández 0-0: Ball
1-0: Ball
2-0: Ball
3-0: Base on Balls
Batting: RHB Miguel Ramos 0-0: Called Strike
0-1: Ball
1-1: Ball
2-1: Foul Ball, location: 2F
2-2: Strikes out swinging
Top of the 1st over - 0 run(s), 0 hit(s), 0 error(s), 1 left on base; San Francisco 0 - Roy 0
BOTTOM OF THE 1ST
Roy Eagle Squadron batting - Pitching for San Francisco Macho Men : RHP Roger Oliver
Pitching: RHP Roger Oliver
Batting: LHB Octávio Otero 0-0: Called Strike
0-1: Ball
1-1: Foul Ball, location: 2F
1-2: Ball
2-2: Ball
3-2: Foul Ball, location: 2F
3-2: Foul Ball, location: 2F
3-2: Ground out 6-3 (Groundball, 6)
Batting: RHB Jesús Vélez 0-0: Ball
1-0: Swinging Strike
1-1: Ball
2-1: Ball
3-1: Called Strike
3-2: Strikes out swinging
Batting: RHB Dani Morales 0-0: Called Strike
0-1: Ball
1-1: Foul Ball, location: 2F
1-2: Ball
2-2: Strikes out swinging
Bottom of the 1st over - 0 run(s), 0 hit(s), 0 error(s), 0 left on base; San Francisco 0 - Roy 0
TOP OF THE 2ND
San Francisco Macho Men batting - Pitching for Roy Eagle Squadron : RHP Orlando Peńa
Batting: LHB Ángel De Jesús 0-0: Fly out, F3 (Popup, 34)
Batting: RHB Awragh Hazem 0-0: Foul Ball, location: 2F
0-1: Ball
1-1: Fly out, F8 (Flyball, 8RM)
Batting: RHB Dave MacGruder 0-0: Ball
1-0: Swinging Strike
1-1: Swinging Strike
1-2: Strikes out looking
Top of the 2nd over - 0 run(s), 0 hit(s), 0 error(s), 0 left on base; San Francisco 0 - Roy 0
BOTTOM OF THE 2ND
Roy Eagle Squadron batting - Pitching for San Francisco Macho Men : RHP Roger Oliver
Batting: RHB Mal Roberson 0-0: Ball
1-0: SINGLE (Line Drive, 56D)
Batting: SHB Eduardo Luna 0-0: Called Strike
0-1: Ball
1-1: SINGLE (Flyball, 7S)
Mal Roberson to second
Batting: RHB Carlos Méndez 0-0: Called Strike
0-1: SINGLE (Flyball, 9LS)
Mal Roberson to third
Eduardo Luna to second
Runner from 3rd tries for Home, SAFE, throw made home
Batting: RHB César Rodríguez 0-0: SINGLE (Line Drive, 78S)
Eduardo Luna to third
Carlos Méndez to second
Batting: LHB Michael Graham 0-0: DOUBLE (Flyball, 8LD)
Eduardo Luna scores
Carlos Méndez scores
César Rodríguez to third
Batting: RHB Mark Morris 0-0: Ball
1-0: Ball
2-0: Ground out 6-3 (Groundball, 6)
César Rodríguez scores
Michael Graham to third
Batting: LHB Octávio Otero 0-0: Ball
1-0: Fly out, F9 (Flyball, 89M)
Runner from 3rd tags up, SCORES, no throw
Batting: RHB Jesús Vélez 0-0: Called Strike
0-1: Swinging Strike
0-2: Ball
1-2: Ground out 4-3 (Groundball, 4)
Bottom of the 2nd over - 5 run(s), 5 hit(s), 0 error(s), 0 left on base; San Francisco 0 - Roy 5
TOP OF THE 3RD
San Francisco Macho Men batting - Pitching for Roy Eagle Squadron : RHP Orlando Peńa
Batting: RHB Bob Jones 0-0: Ball
1-0: Swinging Strike
1-1: Called Strike
1-2: Ball
2-2: Ball
3-2: Strikes out looking
Batting: RHB Lawrence Pérez 0-0: Called Strike
0-1: Ball
1-1: Swinging Strike
1-2: Strikes out swinging
Batting: RHB Júlio Serra 0-0: Ground out 5-3 (Groundball, 56)
Top of the 3rd over - 0 run(s), 0 hit(s), 0 error(s), 0 left on base; San Francisco 0 - Roy 5
BOTTOM OF THE 3RD
Roy Eagle Squadron batting - Pitching for San Francisco Macho Men : RHP Roger Oliver
Batting: RHB Dani Morales 0-0: Called Strike
0-1: Ball
1-1: Foul Ball, location: 2F
1-2: Ground out 5-3 (Groundball, 56S)
Batting: RHB Mal Roberson 0-0: Called Strike
0-1: Swinging Strike
0-2: Foul Ball, location: 2F
0-2: Ball
1-2: Foul Ball, location: 2F
1-2: Ball
2-2: Ball
3-2: Base on Balls
Batting: SHB Eduardo Luna 0-0: Called Strike
0-1: Ball
1-1: Foul Ball, location: 2F
1-2: Ball
2-2: Grounds into double play, 4-6-3 (Groundball, 34)
Bottom of the 3rd over - 0 run(s), 0 hit(s), 0 error(s), 0 left on base; San Francisco 0 - Roy 5
TOP OF THE 4TH
San Francisco Macho Men batting - Pitching for Roy Eagle Squadron : RHP Orlando Peńa
Batting: LHB Phil Bishop 0-0: DOUBLE (Line Drive, 7LM)
Batting: LHB Ernesto Hernández 0-0: Called Strike
0-1: Fly out, F4 (Popup, 4)
Batting: RHB Miguel Ramos 0-0: Called Strike
0-1: Called Strike
0-2: Ball
1-2: Fly out, F5 (Popup, 5L)
Batting: LHB Ángel De Jesús 0-0: Foul Ball, location: 2F
0-1: Foul Ball, location: 2F
0-2: Foul Ball, location: 2F
0-2: Strikes out swinging
Top of the 4th over - 0 run(s), 1 hit(s), 0 error(s), 1 left on base; San Francisco 0 - Roy 5
BOTTOM OF THE 4TH
Roy Eagle Squadron batting - Pitching for San Francisco Macho Men : RHP Roger Oliver
Batting: RHB Carlos Méndez 0-0: Ball
1-0: Called Strike
1-1: Foul Ball, location: 2F
1-2: Foul Ball, location: 2F
1-2: Ball
2-2: Foul Ball, location: 2F
2-2: Strikes out swinging
Batting: RHB César Rodríguez 0-0: Ball
1-0: Called Strike
1-1: SINGLE (Groundball, 6MD)
Batting: LHB Michael Graham 0-0: Called Strike
0-1: Called Strike
0-2: SINGLE (Line Drive, 9LS)
César Rodríguez to second
Batting: RHB Mark Morris 0-0: Ball
1-0: Ball
2-0: Foul Ball, location: 2F
2-1: Foul Ball, location: 2F
2-2: Fielders Choice at 2nd, 6-4 (Groundball, 6)
César Rodríguez to third
Batting: LHB Octávio Otero 0-0: Ball
1-0: Called Strike
1-1: Swinging Strike
1-2: Foul Ball, location: 2F
1-2: Foul Ball, location: 2F
1-2: Ball
2-2: Ball
3-2: Foul Ball, location: 2F
3-2: Foul Ball, location: 2F
3-2: Base on Balls
Mark Morris to second
Pitching: RHP Ryuichi Ohayashi
Batting: RHB Jesús Vélez 0-0: Ground out 6-3 (Groundball, 6MS)
Bottom of the 4th over - 0 run(s), 2 hit(s), 0 error(s), 3 left on base; San Francisco 0 - Roy 5
TOP OF THE 5TH
San Francisco Macho Men batting - Pitching for Roy Eagle Squadron : RHP Orlando Peńa
Batting: RHB Awragh Hazem 0-0: Ball
1-0: Ball
2-0: Fly out, F9 (Flyball, 9S)
Batting: RHB Dave MacGruder 0-0: Swinging Strike
0-1: SINGLE (Groundball, 34D)
Batting: RHB Bob Jones 0-0: Ball
Dave MacGruder steals 2nd base
1-0: Called Strike
1-1: Ball
2-1: SINGLE (Line Drive, 9LS)
Dave MacGruder to third
Batting: RHB Lawrence Pérez 0-0: Called Strike
0-1: Foul Ball, location: 2F
0-2: Ball
1-2: Strikes out looking
Batting: RHB Júlio Serra 0-0: Ball
1-0: Ball
2-0: Ball
3-0: Called Strike
3-1: Foul Ball, location: 2F
3-2: Foul Ball, location: 2F
3-2: Foul Ball, location: 2F
3-2: Strikes out swinging
Top of the 5th over - 0 run(s), 2 hit(s), 0 error(s), 2 left on base; San Francisco 0 - Roy 5
BOTTOM OF THE 5TH
Roy Eagle Squadron batting - Pitching for San Francisco Macho Men : RHP Ryuichi Ohayashi
Batting: RHB Dani Morales 0-0: Ball
1-0: SINGLE (Line Drive, 7S)
Batting: RHB Mal Roberson 0-0: Called Strike
0-1: Ball
1-1: Ball
2-1: Foul Ball, location: 2F
2-2: Ball
3-2: Foul Ball, location: 2F
3-2: Foul Ball, location: 2F
3-2: Foul Ball, location: 2F
3-2: Foul Ball, location: 2F
3-2: Base on Balls
Dani Morales to second
Batting: SHB Eduardo Luna 0-0: Foul Ball, location: 2F
0-1: Swinging Strike
0-2: Ball
1-2: SINGLE (Groundball, 56D)
Dani Morales to third
Mal Roberson to second
Runner from 3rd tries for Home, SAFE, throw made home
Batting: RHB Carlos Méndez 0-0: Called Strike
0-1: Ground out 5-3 (Groundball, 25)
Mal Roberson to third
Eduardo Luna to second
Batting: RHB César Rodríguez 0-0: Swinging Strike
0-1: Fly out, F9 (Line Drive, 9)
Batting: LHB Michael Graham 0-0: Called Strike
0-1: 3-RUN HOME RUN (Flyball, 9LD), Distance : 341 ft
Pitching: RHP Carlos Martínez
Batting: RHB Mark Morris 0-0: Swinging Strike
0-1: Called Strike
0-2: Strikes out swinging
Bottom of the 5th over - 4 run(s), 3 hit(s), 0 error(s), 0 left on base; San Francisco 0 - Roy 9
TOP OF THE 6TH
San Francisco Macho Men batting - Pitching for Roy Eagle Squadron : RHP Orlando Peńa
Batting: LHB Phil Bishop 0-0: Swinging Strike
0-1: Ball
1-1: Foul Ball, location: 2F
1-2: Strikes out swinging
Batting: LHB Ernesto Hernández 0-0: Called Strike
0-1: Ground out 4-3 (Groundball, 4)
Batting: RHB Miguel Ramos 0-0: Ball
1-0: Ball
2-0: Called Strike
2-1: SINGLE (Groundball, 56D)
Batting: LHB Ángel De Jesús 0-0: Ball
Miguel Ramos is caught stealing 2nd base
Top of the 6th over - 0 run(s), 1 hit(s), 0 error(s), 0 left on base; San Francisco 0 - Roy 9
BOTTOM OF THE 6TH
Roy Eagle Squadron batting - Pitching for San Francisco Macho Men : RHP Carlos Martínez
Batting: LHB Octávio Otero 0-0: Ball
1-0: Ball
2-0: Ball
3-0: Called Strike
3-1: Base on Balls
Batting: RHB Jesús Vélez 0-0: Foul Ball, location: 2F
0-1: Ball
1-1: Fly out, F9 (Line Drive, 9)
Batting: RHB Dani Morales 0-0: Called Strike
0-1: Ball
1-1: Ball
2-1: Called Strike
2-2: DOUBLE (Line Drive, 78M)
Octávio Otero to third
Runner from 3rd tries for Home, SAFE, no throw
Batting: RHB Mal Roberson 0-0: Ball
1-0: Ball
2-0: Fly out, F9 (Flyball, 9)
Batting: SHB Eduardo Luna 0-0: Called Strike
0-1: Ball
1-1: Swinging Strike
1-2: Strikes out swinging
Bottom of the 6th over - 1 run(s), 1 hit(s), 0 error(s), 1 left on base; San Francisco 0 - Roy 10
TOP OF THE 7TH
San Francisco Macho Men batting - Pitching for Roy Eagle Squadron : RHP Orlando Peńa
Batting: LHB Ángel De Jesús 0-0: Ball
1-0: SINGLE (Flyball, 7LS)
Batting: RHB Awragh Hazem 0-0: Ball
1-0: Foul Ball, location: 2F
1-1: Grounds into double play, 1-4-3 (Groundball, 15S)
Pinch Hitting: RHB Will White 0-0: Ball
1-0: Swinging Strike
1-1: Ball
2-1: Foul Ball, location: 2F
2-2: Ball
3-2: Strikes out swinging
Top of the 7th over - 0 run(s), 1 hit(s), 0 error(s), 0 left on base; San Francisco 0 - Roy 10
BOTTOM OF THE 7TH
Roy Eagle Squadron batting - Pitching for San Francisco Macho Men : RHP Carlos Martínez
Now at 2B: Will White
Batting: RHB Carlos Méndez 0-0: Swinging Strike
0-1: Called Strike
0-2: Ball
1-2: Strikes out swinging
Batting: RHB César Rodríguez 0-0: Ball
1-0: Ground out 5-3 (Groundball, 56)
Batting: LHB Michael Graham 0-0: Swinging Strike
0-1: Ball
1-1: Ball
2-1: Foul Ball, location: 2F
2-2: SINGLE (Line Drive, 8LS)
Batting: RHB Mark Morris 0-0: Ground out 5-3 (Groundball, 56S)
Bottom of the 7th over - 0 run(s), 1 hit(s), 0 error(s), 1 left on base; San Francisco 0 - Roy 10
TOP OF THE 8TH
San Francisco Macho Men batting - Pitching for Roy Eagle Squadron : RHP Luis Manuel De Jesús
Pitching: RHP Luis Manuel De Jesús
Now at SS: Brian Baker
Batting: RHB Bob Jones 0-0: Called Strike
0-1: Called Strike
0-2: Foul Ball, location: 2F
0-2: Foul Ball, location: 2F
0-2: Strikes out swinging
Batting: RHB Lawrence Pérez 0-0: Ball
1-0: Ball
2-0: Swinging Strike
2-1: Ball
3-1: Base on Balls
Batting: RHB Júlio Serra 0-0: Ball
1-0: Called Strike
1-1: Ball
2-1: Foul Ball, location: 2F
2-2: Ground out 5-3 (Groundball, 56S)
Lawrence Pérez to second
Batting: LHB Phil Bishop 0-0: Called Strike
0-1: Ball
1-1: Ball
2-1: Foul Ball, location: 2F
2-2: Strikes out swinging
Top of the 8th over - 0 run(s), 0 hit(s), 0 error(s), 1 left on base; San Francisco 0 - Roy 10
BOTTOM OF THE 8TH
Roy Eagle Squadron batting - Pitching for San Francisco Macho Men : RHP Carlos Martínez
Batting: LHB Octávio Otero 0-0: Called Strike
0-1: Called Strike
0-2: Ball
1-2: Foul Ball, location: 2F
1-2: Strikes out swinging
Pitching: LHP Mike Barr
Batting: RHB Jesús Vélez 0-0: Ball
1-0: Called Strike
1-1: Ball
2-1: Called Strike
2-2: Strikes out swinging
Batting: RHB Dani Morales 0-0: Fly out, F7 (Line Drive, 7D)
Bottom of the 8th over - 0 run(s), 0 hit(s), 0 error(s), 0 left on base; San Francisco 0 - Roy 10
TOP OF THE 9TH
San Francisco Macho Men batting - Pitching for Roy Eagle Squadron : RHP Luis Manuel De Jesús
Now at 1B: Gabriel Byram
Now at 3B: Allen King
Batting: LHB Ernesto Hernández 0-0: Called Strike
0-1: Foul Ball, location: 2F
0-2: Ball
1-2: Ball
2-2: Ball
3-2: Base on Balls
Batting: RHB Miguel Ramos 0-0: Ball
1-0: Swinging Strike
1-1: Ball
2-1: Foul Ball, location: 2F
2-2: Foul Ball, location: 2F
2-2: Foul Ball, location: 2F
2-2: Ball
3-2: Base on Balls
Ernesto Hernández to second
Batting: LHB Ángel De Jesús 0-0: Fly out, F5 (Popup, 5S)
Batting: RHB Awragh Hazem 0-0: Ball
1-0: SINGLE (Flyball, 7S)
Ernesto Hernández to third
Miguel Ramos to second
Batting: RHB Will White 0-0: Ball
1-0: Foul Ball, location: 2F
1-1: Ball
2-1: Swinging Strike
2-2: Ball
3-2: Foul Ball, location: 2F
3-2: Strikes out swinging
Batting: RHB Bob Jones 0-0: Fly out, F6 (Line Drive, 6M)
Top of the 9th over - 0 run(s), 1 hit(s), 0 error(s), 3 left on base; San Francisco 0 - Roy 10
Tuesday, August 8th, 2017 - OOTP Baseball 17.12 Build 75